 Dungeon Crawl Stone Soup version 0.29.1-15-g9cfb28693d (webtiles) character file.

Game seed: 8328420361913702234

12050 javelincjr the Magician (level 11, -9/129 HPs)
             Began as a Demonspawn Hedge Wizard on Apr 4, 2023.
             Was an Elder of Sif Muna.
             Mangled by an elephant (12 damage)
             ... in a Gauntlet on Apr 5, 2023.
             The game lasted 01:05:58 (14504 turns).

javelincjr the Magician (Demonspawn Hedge Wizard)  Turns: 14504, Time: 01:05:59

Health: -9/129     AC: 25    Str: 17    XL:     11   Next: 57%
Magic:  28/28      EV:  2    Int: 18    God:    Sif Muna [****..]
Gold:   525        SH:  0    Dex: 12    Spells: 15/24 levels left

rFire   . . .      SeeInvis .   H - +10 quarterstaff of Causality {vorpal, Str+4}
rCold   + . .      Faith    .   (shield currently unavailable)
rNeg    . . .      Spirit   .   (body armour currently unavailable)
rPois   +          Reflect  .   (helmet currently unavailable)
rElec   .          Harm     .   (cloak currently unavailable)
rCorr   .          Rampage  .   (gloves currently unavailable)
Will    .....      NoTele   +   (boots currently unavailable)
Stlth   ++........              (no amulet)
HPRegen 0.31/turn               l - ring of protection from cold
MPRegen 0.21/turn               v - ring of magical power

@: mighty, tree-form, on berserk cooldown, slowed, invisible, very slow
A: stationary, stasis, torment immunity, boosted hp, (hooves 2), rugged brown
scales 1, foul stench 1, powered by pain 1, low MP 1
a: Renounce Religion, Channel Magic, Forget Spell, Divine Exegesis


You were in a Gauntlet.
You worshipped Sif Muna.
Sif Muna was greatly pleased with you.
You were a tree.
You visited 2 branches of the dungeon, and saw 12 of its levels.
You also visited: Gauntlet.

You collected 588 gold pieces.
You spent 63 gold pieces at shops.

Inventory:

Hand Weapons
 j - a +2 dagger of venom
 H - the +10 quarterstaff of Causality (weapon) {vorpal, Str+4}
   (You took it off an orc on level 4 of the Dungeon)

   It inflicts extra damage upon your enemies.
   Str:       It affects your strength (+4).
 N - a +1 short sword of distortion
 P - a +4 scimitar of flaming
Missiles
 s - 6 javelins
 w - 14 boomerangs of dispersal
 x - 3 throwing nets
 B - 25 poisoned darts
 O - 2 curare-tipped darts
Armour
 a - a +0 troll leather armour
 i - a +3 ring mail of fire resistance (melded)
 k - a +1 pair of gloves
 n - a +0 pair of boots (melded)
 y - a +3 chain mail
 z - a +0 cloak (melded)
 I - a +0 hat of stealth (melded)
 R - +0 acid dragon scales
 V - a +1 pair of gloves of dexterity (melded)
Jewellery
 l - a ring of protection from cold (left branch)
 v - a ring of magical power (right branch)
Wands
 e - a wand of iceblast (14)
 m - a wand of polymorph (7)
 o - a wand of charming (8)
 u - a wand of quicksilver (9)
 G - a wand of flame (25)
Scrolls
 b - a scroll of silence {unknown}
 g - 3 scrolls of fear
 h - 4 scrolls of teleportation
 q - 5 scrolls of enchant weapon
 r - 2 scrolls of blinking
 C - 3 scrolls of summoning
 J - a scroll of butterflies {unknown}
 L - a scroll of immolation {unknown}
 M - 2 scrolls of poison {unknown}
 Q - 5 scrolls of identify
 S - a scroll of amnesia {unknown}
Potions
 c - a potion of might
 d - 4 potions of magic
 p - 4 potions of flight {unknown}
 D - 2 potions of resistance {unknown}
 E - a potion of heal wounds {unknown}
 F - 5 potions of curing
 K - 2 potions of degeneration {unknown}
 T - a potion of brilliance
 U - a potion of ambrosia {unknown}


   Skills:
 * Level 7.1 Fighting
 + Level 3.8 Staves
 + Level 4.2 Armour
 + Level 5.2 Dodging
 - Level 2.0 Stealth
 * Level 7.2 Spellcasting
 + Level 5.1 Conjurations
 + Level 4.9 Summonings
 + Level 4.9 Necromancy
 + Level 4.6 Translocations
 + Level 4.2 Fire Magic
 + Level 4.3 Ice Magic
 + Level 6.1 Invocations


You had 15 spell levels left.
You knew the following spells:

 Your Spells              Type           Power      Damage    Failure   Level
a - Magic Dart            Conj           100%       1d8       1%          1
b - Blink                 Tloc           46%        N/A       2%          2
c - Call Imp              Summ           24%        N/A       2%          2
d - Foxfire               Conj/Fire      92%        2x1d8     1%          1
e - Frozen Ramparts       Ice            44%        1d7       5%          3

Your spell library contained the following spells:

 Spells                   Type           Power      Damage    Failure   Level
 Apportation              Tloc           46%        N/A       1%          1
 Freeze                   Ice            88%        1d10      1%          1
 Call Canine Familiar     Summ           24%        N/A       4%          3
 Conjure Flame            Conj/Fire      23%        6-21      4%          3
 Ensorcelled Hibernation  Hex/Ice        28%        N/A       7%          2
 Slow                     Hex            24%        N/A       11%         1
 Portal Projectile        Hex/Tloc       28%        N/A       12%         3
 Inner Flame              Hex/Fire       14%        N/A       13%         3
 Passwall                 Tmut/Erth      5%         N/A       16%         2
 Mephitic Cloud           Conj/Pois/Air  12%        N/A       16%         3
 Flame Wave               Conj/Fire      23%        2d8       16%         4
 Hailstorm                Conj/Ice       23%        3d7       16%         4
 Summon Ice Beast         Ice/Summ       23%        N/A       16%         4
 Spider Form              Tmut/Pois      6%         N/A       32%         3
 Swiftness                Air            6%         N/A       32%         3
 Iskenderun's Battlesphe  Conj           25%        2d8       34%         5
 Anguish                  Hex/Necr       7%         N/A       36%         4
 Summon Forest            Summ/Tloc      11%        N/A       38%         5
 Manifold Assault         Tloc           23%        N/A       41%         5
 Leda's Liquefaction      Hex/Erth       3%         N/A       71%         4
 Iron Shot                Conj/Erth      7%         9d2       99%         6
 Spellforged Servitor     Conj/Summ      12%        N/A       100%        7
 Summon Hydra             Summ           12%        N/A       100%        7
 Dragon's Call            Summ           12%        N/A       100%        9


Dungeon Overview and Level Annotations

Branches:
Dungeon (11/15)            Temple (1/1) D:6            Lair (0/5) D:9
Gauntlet (1/1)
    Orc: D:9-12

Altars:
Ashenzari
Cheibriados
Dithmenos
Fedhas
Gozag
Hepliaklqana
Kikubaaqudgha
Makhleb
Nemelex Xobeh
Okawaru
Qazlal
Ru
Sif Muna
Trog
Uskayaw
Vehumet
Wu Jian
Xom
Yredelemnul

Shops:
D:2 *

Annotations:
Gauntlet 11 transporters, exclusion: 2 lightning spires


Innate Abilities, Weirdness & Mutations

You are a tree.
Your roots penetrate the ground, keeping you stationary.
You cannot be teleported.
You are immune to unholy pain and torment.
Your maximum health is greatly increased.
Your equipment is partially melded.
((You have hoof-like feet.))
(You are partially covered in rugged brown scales. (AC +1, +3% HP))
You may rarely emit foul miasma when damaged in melee.
You sometimes gain a little power by taking damage.
Your magical capacity is low. (-10% MP)


Message History

The elephant trunk-slaps you but does no damage.
The elephant misses you. The elephant barely misses you.
You completely miss the elephant.
The elephant is heavily wounded.
The elephant closely misses you. The elephant trunk-slaps you.
* * * LOW HITPOINT WARNING * * *
You hit the elephant.
The elephant is severely wounded.
You are no longer berserk.
You are exhausted.
You feel yourself slow down.
The elephant tramples you but does no damage.
The elephant trunk-slaps you but does no damage.
You fade into invisibility!
The elephant tramples you but does no damage.
The elephant trunk-slaps you but does no damage.
The elephant closely misses you. The elephant barely misses you.
The elephant tramples you!
* * * LOW HITPOINT WARNING * * *
You focus on the pain.
You feel very mighty all of a sudden.
You hold your ground!
The elephant misses you.
It was a potion of might.
You feel mightier all of a sudden.
The elephant tramples you but does no damage.
The elephant closely misses you. x2
The elephant trunk-slaps you but does no damage.
Really quaff the potion of lignification?
You turn into a tree.
Your +0 cloak melds into your body.
Your +0 hat of stealth melds into your body.
Your +1 pair of gloves of dexterity melds into your body.
Your +0 pair of boots melds into your body.
Your +3 ring mail of fire resistance melds into your body.
You feel less stealthy.
You feel clumsy.
You feel less resistant to fire.
Your roots penetrate the ground.
The elephant tramples you but does no damage.
The elephant trunk-slaps you but does no damage.
The elephant tramples you!
You die...

#.#.#.#.#.#.#.##.#....#.#.#.#.#.#
.#.#.#..#.#.##....#...#.#.#.##.##
#.#.#.#.#.#.#.....#...#.#.#.^###.
...©....#.#.#..btb.#..#.#.#5....#
###########.###########.#########
..#©........#≈≈≈≈8§≈≈≈#........©#
..#########.###########.#########
..........#.#.Y###.#.##.#........
..........#.#.#Y♣#....#.#........
########..#.##Y#Y#.##.#.#..######
#8# #8#..#.#...Y#.#.)#.#..#8# #8
### ###..#©###.#.##.©#©#..### ##
#..####.#.####[###..#
#....#.##..#YY##....#
#....#.#..#.Y#.#....#
###..##.#.###.##..###
#8#..###########..#8#


You could see 5 elephants, a fire crab (unable to see you) and 2 fire bats.

Vanquished Creatures
  Gastronok (D:9)
  Erolcha (D:9)
  Erica (D:10)
  A two-headed ogre (D:10)
  Sonja (D:10)
  Pikel (D:8)
  An elephant (Gauntlet)
  A torpor snail (Gauntlet)
  Maurice (D:8)
  3 trolls
  Grinder (D:6)
  Sigmund (D:4)
  2 shadows
  A wyvern (D:8)
  A wraith (D:8)
  3 yaks (D:9)
  A steam dragon (D:8)
  3 vampire mosquitoes (D:11)
  3 swamp worms (Gauntlet)
  An acid dragon (D:10)
  Edmund (D:4)
  An orc warrior (D:9)
  A water moccasin (D:5)
  2 ice beasts
  2 ogres
  A black bear (D:9)
  4 centaurs
  A phantom (D:5)
  3 lemures (D:8)
  4 kobold brigands
  6 bullfrogs
  3 scorpions
  17 wights
  3 killer bees (D:10)
  4 howler monkeys
  3 hounds (D:5)
  11 orc priests
  A jelly (D:6)
  3 iguanas
  8 orc wizards
  3 gnolls
  11 adders
  A shadow imp (D:5)
  5 white imps
  An ufetubus (D:6)
  3 dart slugs
  37 orcs
  2 bats
  7 endoplasms
  3 giant cockroaches
  8 goblins
  7 hobgoblins
  5 quokkas
  9 ball pythons
  4 frilled lizards
  24 kobolds
  6 rats
244 creatures vanquished.

Vanquished Creatures (collateral kills)
  A gnoll bouda (D:3)
  3 gnolls (D:3)
  A kobold (D:6)
  4 foxfires (D:9)
9 creatures vanquished.

Vanquished Creatures (others)
  770 foxfires
  4 fungi (D:9)
  13 plants
  14 withered plants (Gauntlet)
801 creatures vanquished.

Grand Total: 1054 creatures vanquished

Notes
Turn   | Place    | Note
-------+----------+-------------------------------------------
     0 | D:1      | javelincjr the Demonspawn Hedge Wizard began the quest for
                  | the Orb.
     0 | D:1      | Reached XP level 1. HP: 13/13 MP: 4/4
    34 | D:1      | Reached skill level 1 in Translocations
    34 | D:1      | Gained mutation: You sometimes gain a little power by
                  | taking damage. [demonic ancestry]
    34 | D:1      | Reached XP level 2. HP: 15/19 MP: 0/6
   717 | D:1      | Found a faded altar of an unknown god.
   725 | D:1      | Prayed at the altar of an unknown god.
   725 | D:1      | Became a worshipper of Sif Muna the Loreminder
   725 | D:1      | Reached * piety under Sif Muna
  1213 | D:2      | Reached XP level 3. HP: 24/24 MP: 3/7
  1898 | D:2      | Found Meuvar's Assorted Antiques.
  1930 | D:2      | Bought 2 scrolls labelled YHAEGA AKUEN for 44 gold pieces
  1930 | D:2      | Bought a black potion for 19 gold pieces
  2008 | D:2      | Gained mutation: You have large cloven feet. [demonic
                  | ancestry]
  2008 | D:2      | Reached XP level 4. HP: 14/31 MP: 6/9
  2011 | D:2      | Learned a level 2 spell: Blink
  2014 | D:2      | Learned a level 2 spell: Call Imp
  2537 | D:3      | Reached skill level 1 in Fighting
  2625 | D:3      | Reached ** piety under Sif Muna
  2626 | D:3      | Reached skill level 1 in Invocations
  2626 | D:3      | Reached XP level 5. HP: 37/37 MP: 2/10
  2814 | D:3      | Learned a level 1 spell: Foxfire
  3778 | D:4      | Gained mutation: Your muscles are strong. (Str +4, Int/Dex
                  | -1) [potion of mutation]
  3778 | D:4      | Gained mutation: Your magical capacity is low. (-10% MP)
                  | [potion of mutation]
  3778 | D:4      | Gained mutation: Your body sometimes deteriorates upon
                  | taking damage. [potion of mutation]
  3778 | D:4      | Gained mutation: A frigid envelope surrounds you and
                  | freezes all who hurt you. [potion of mutation]
  4099 | D:4      | Reached skill level 1 in Armour
  4099 | D:4      | Reached skill level 1 in Ice Magic
  4603 | D:4      | Reached XP level 6. HP: 43/44 MP: 10/10
  4719 | D:4      | Noticed Edmund
  4825 | D:4      | Killed Edmund
  4826 | D:4      | Reached skill level 1 in Necromancy
  4826 | D:4      | Reached skill level 1 in Fire Magic
  5004 | D:4      | Reached XP level 7. HP: 45/51 MP: 11/11
  5065 | D:4      | Identified the +10 quarterstaff of Causality {vorpal,
                  | Str+4}
  5549 | D:4      | Lost mutation: A frigid envelope surrounds you and freezes
                  | all who hurt you. [potion of mutation]
  5549 | D:4      | Lost mutation: Your muscles are strong. (Str +4, Int/Dex
                  | -1) [potion of mutation]
  5549 | D:4      | Gained mutation: You expend magic power (3 MP) to
                  | strengthen your wands. [potion of mutation]
  5721 | D:4      | Noticed Sigmund
  5731 | D:4      | Killed Sigmund
  5839 | D:5      | Entered Level 5 of the Dungeon
  5854 | D:5      | Reached *** piety under Sif Muna
  6086 | D:5      | Gained mutation: You are partially covered in rugged brown
                  | scales. (AC +1, +3% HP) [demonic ancestry]
  6086 | D:5      | Reached XP level 8. HP: 36/59 MP: 13/13
  6101 | D:5      | Reached skill level 1 in Staves
  7137 | D:5      | Reached skill level 5 in Spellcasting
  7329 | D:5      | Found a shadowy altar of Dithmenos.
  7361 | D:5      | Found a hazy altar of Hepliaklqana.
  7452 | D:6      | Noticed Grinder
  7461 | D:6      | Killed Grinder
  7496 | D:6      | Gained mutation: You may rarely emit foul miasma when
                  | damaged in melee. [demonic ancestry]
  7496 | D:6      | Reached XP level 9. HP: 32/66 MP: 15/15
  7801 | D:6      | Identified a scroll of acquirement
  7807 | D:6      | Acquired Ackagg's Dissertation on Warped Companions
  8162 | D:6      | Found a staircase to the Ecumenical Temple.
  8169 | D:6      | Reached **** piety under Sif Muna
  8174 | Temple   | Entered the Ecumenical Temple
  8174 | Temple   | Found a transporter.
  8174 | Temple   | Found a transporter.
  8178 | Temple   | Found a transporter.
  8178 | Temple   | Found a transporter.
  8353 | D:7      | Lost mutation: Your magical capacity is low. (-10% MP)
                  | [potion of mutation]
  8353 | D:7      | Lost mutation: You expend magic power (3 MP) to strengthen
                  | your wands. [potion of mutation]
  8353 | D:7      | Lost mutation: Your body sometimes deteriorates upon taking
                  | damage. [potion of mutation]
  8353 | D:7      | Gained mutation: You have a pair of small horns on your
                  | head. [potion of mutation]
  8353 | D:7      | Lost mutation: You have a pair of small horns on your head.
                  | [potion of mutation]
  8353 | D:7      | Gained mutation: Your magical capacity is low. (-10% MP)
                  | [potion of mutation]
  8392 | D:7      | Noticed a troll
  8401 | D:7      | Killed a troll
  9155 | D:8      | Noticed Pikel
  9171 | D:8      | Killed Pikel
  9172 | D:8      | Reached skill level 5 in Fighting
  9400 | D:8      | Reached XP level 10. HP: 76/76 MP: 17/17
 10484 | D:8      | Noticed Maurice
 10504 | D:8      | Learned a level 3 spell: Frozen Ramparts
 10530 | D:8      | Killed Maurice
 10788 | D:9      | Reached skill level 5 in Invocations
 10968 | D:9      | Found a staircase to the Lair.
 11458 | D:9      | Noticed Gastronok
 11484 | D:9      | Killed Gastronok
 11760 | D:9      | Noticed Erolcha
 11778 | D:9      | Killed Erolcha
 11779 | D:9      | Gained mutation: You have hoof-like feet. [demonic
                  | ancestry]
 11779 | D:9      | Reached XP level 11. HP: 68/84 MP: 18/19
 11993 | D:9      | Found a hide-covered altar of Uskayaw.
 12071 | D:10     | Entered Level 10 of the Dungeon
 12284 | D:10     | Noticed Sonja
 12294 | D:10     | Killed Sonja
 12455 | D:10     | Noticed Erica
 12502 | D:10     | Killed Erica
 12804 | D:10     | Noticed a two-headed ogre
 12842 | D:10     | Killed a two-headed ogre
 12843 | D:10     | Reached skill level 5 in Conjurations
 13277 | D:10     | Reached skill level 5 in Dodging
 13811 | D:11     | Found a gate leading to a gauntlet.
 13835 | Gauntlet | Entered a Gauntlet
 13835 | Gauntlet | Found a transporter.
 13835 | Gauntlet | Found a transporter.
 13845 | Gauntlet | Found a transporter.
 13857 | Gauntlet | Found a transporter.
 13875 | Gauntlet | Found a transporter.
 13888 | Gauntlet | Found a transporter.
 13912 | Gauntlet | Found a transporter.
 13914 | Gauntlet | Noticed a minotaur
 13989 | Gauntlet | Found a transporter.
 13993 | Gauntlet | Noticed a fire crab
 13997 | Gauntlet | Found a transporter.
 14021 | Gauntlet | Found a transporter.
 14025 | Gauntlet | Noticed a wizard
 14026 | Gauntlet | Found a transporter.
 14027 | Gauntlet | Noticed a wizard
 14034 | Gauntlet | Found a transporter.
 14123 | Gauntlet | Found a transporter.
 14140 | Gauntlet | Found a transporter.
 14502 | Gauntlet | HP: 1/86 [elephant (11)]
 14504 | Gauntlet | Mangled by an elephant

Illustrated notes

Levels and vault maps discovered:
D:1:      ncdulo_smallfort, layout_loops_ring, ebering_ecumenical_altar_mist
D:2:      layout_basic, serial_shops, shop_fountains
D:3:      layout_basic, minmay_circle_x
D:4:      kb_forest_paths, layout_loops_ring, sigmund_edmund_badplayer
D:5:      layout_rooms, riverfiend_overflow_shadow_ancestor
D:6:      layout_basic, minmay_temple_entry_crystal_x,
          minmay_unpleasant_kobolds, uniq_grinder
D:7:      layout_cave_pools, serial_column_ruins, column_ruins_square_small,
          column_ruins_open_tiny, column_ruins_grid_2, column_ruins_open_small,
          column_ruins_grid_1, column_ruins_corridor_water
D:8:      layout_cave_pools, serial_co_window_serial, co_window_corner_a,
          co_window_paths_a, co_window_paths_a, co_window_paths_b,
          co_window_paths_a, co_window_cross_4, co_window_unsneaky_path_e,
          co_window_cross_3, co_window_2corner, co_window_broadway_c,
          co_window_paths_d, co_window_paths_e, glass_columns_b, uniq_pikel,
          uniq_maurice
D:9:      layout_irregular_city, nicolae_uskayaw_dance_studio,
          grunt_lair_entry_orc_guard_hut, uniq_gastronok, uniq_erolcha
D:10:     layout_irregular_city, uniq_sonja, uniq_erica
D:11:     layout_basic, serial_shops, shop, gauntlet_entry_generic
Temple:   hellmonk_temple_divided_pantheon
Gauntlet: gammafunk_gauntlet_branching [gammafunk_gauntlet_arena_arrow_garden,
          gammafunk_gauntlet_arena_grid, nicolae_gauntlet_arena_t_cross,
          nicolae_gauntlet_arena_quarters, nicolae_gauntlet_swirl,
          gammafunk_gauntlet_arena_mazey, gammafunk_gauntlet_arena_crates,
          gammafunk_gauntlet_arena_spirals, gauntlet_exit_green]

Skill      XL: |  1  2  3  4  5  6  7  8  9 10 11 |
---------------+----------------------------------+-----
Translocations | 1 2 3 4 |  4.6
Dodging        | 2 3 4 5 |  5.2
Stealth        | 2 |  2.0
Conjurations   | 2 3 4 5 |  5.1
Fighting       | 1 2 3 4 5 6 7 |  7.1
Invocations    | 1 2 3 4 5 6 |  6.1
Armour         | 1 2 3 4 |  4.2
Ice Magic      | 1 2 3 4 |  4.3
Summonings     | 2 3 4 |  4.9
Spellcasting   | 4 5 6 7 |  7.2
Necromancy     | 1 2 3 4 |  4.9
Fire Magic     | 1 2 3 4 |  4.2
Staves         | 1 2 3 |  3.8

Action                   |  1- 3 |  4- 6 |  7- 9 | 10-12 || total
-------------------------+-------+-------+-------+-------++-------
Melee: Dagger            |    41 |    38 |     4 |       ||    83
       Quarterstaff      |       |       |   174 |   147 ||   321
 Cast: Magic Dart        |    63 |    30 |       |     6 ||    99
       Call Imp          |       |    13 |     5 |     7 ||    25
       Foxfire           |       |    96 |   147 |   207 ||   450
       Blink             |       |       |     2 |     3 ||     5
       Frozen Ramparts   |       |       |       |     5 ||     5
  Use: Potion            |       |     2 |     6 |     4 ||    12
       Scroll            |       |       |    12 |       ||    12
 Stab: Sleeping          |     4 |     1 |       |     1 ||     6
       Distracted        |       |       |       |     1 ||     1
Armor: Robe              |    12 |    28 |    10 |       ||    50
       Skin              |       |       |     7 |     2 ||     9
       Ring mail         |       |       |    46 |    87 ||   133
Dodge: Dodged            |    31 |    49 |   115 |   134 ||   329
